 Dungeon Crawl Stone Soup version 0.31-a0-774-g0d66cbabe8 (webtiles) character file.

Game seed: 8165414768332799025

55 cforsyth the Sneak (level 4, -6/37 HPs)
             Began as a Djinni Delver on Sept 17, 2023.
             Mangled by a river rat (8 damage)
             ... on level 5 of the Dungeon.
             The game lasted 00:00:52 (107 turns).

cforsyth the Sneak (Djinni Delver)                   Turns: 107, Time: 00:00:52

Health: -6/37      AC:  3    Str: 11    XL:     4   Next: 14%
Gold:   15         EV: 12    Int: 13    God:
                   SH:  0    Dex: 15

rFire   + + .        a - +0 falchion
rCold   x . .        (no shield)
rNeg    . . .        b - +0 leather armour
rPois   ∞            (no helmet)
rElec   .            (no cloak)
rCorr   .            (no gloves)
SInv    .            (boots unavailable)
Will    .....        (no amulet)
Stlth   ++           (no ring)
HPRegen 0.26/turn    (no ring)
MPRegen 0.00/turn

%: infuse magic (-7 HP)
@: flying, hasted, very quick
A: sickness immunity, fire resistance 2, cold vulnerability 1, float, innate
caster, HP casting, extra vitality 1
a: no special abilities


You were on level 5 of the Dungeon.
You visited 1 branch of the dungeon, and saw 1 of its levels.

You collected 15 gold pieces.

Inventory:

Hand Weapons
 a - a +0 falchion (weapon)
Armour
 b - a +0 leather armour (worn)
Wands
 g - a wand of digging (3)
Scrolls
 c - a scroll of fog
 d - a scroll of revelation


   Skills:
 + Level 3.9 Fighting
 - Level 1.7 Long Blades
 - Level 2.1 Dodging
 - Level 4.1 Stealth
 + Level 1.6 Spellcasting
 + Level 1.6 Conjurations
 + Level 1.6 Hexes
   Level 0.0 Charms
 + Level 1.6 Summonings
 + Level 1.6 Necromancy
 + Level 1.6 Translocations
 + Level 1.6 Transmutations
 + Level 1.6 Fire Magic
 + Level 1.6 Ice Magic
 + Level 1.6 Air Magic
 + Level 1.6 Earth Magic
 + Level 1.6 Poison Magic


You knew the following spells:

 Your Spells              Type           Power      Damage    Failure   Level
a - Shock                 Conj/Air       20%        1d4       19%         1
Your spell library was empty.

Dungeon Overview and Level Annotations

Branches:
Dungeon (5/15)
 Temple: D:4-7

Altars:
Dithmenos
Ru


Innate Abilities, Weirdness & Mutations

You are immune to sickness and miasma.
You are immune to poison.
Your flesh is very heat resistant. (rF++)
You are vulnerable to cold. (rC-)
You float through the air rather than walking.
You learn spells naturally, not from books.
Your magical power is your life essence.
You have superior vitality. (+4 MHP)


Message History

You have reached level 4!
You feel agile.
A river rat comes into view.
As you read the scroll of fear, it crumbles to dust.
You assume a fearsome visage.
The giant cockroach looks frightened!
The river rat looks frightened! x2; The rat looks frightened!
The river rat looks frightened!
The quokka looks frightened!
The jelly looks frightened!
The sentinel's mark upon you fades away.
Cornered, the river rat turns to fight!
You hear the slow rusting of a drain nearby.
You hit the rat but do no damage. The rat closely misses you.
The rat bites you.
You hit the rat.
You kill the rat!
As you read the scroll labelled GIWUPA AHEMOO, it crumbles to dust.
It is a scroll of identify.
You don't currently have any unidentified items.
You completely miss the river rat. The river rat barely misses you.
You hit the river rat.
The river rat is moderately wounded.
The river rat bites you!
* * * LOW HITPOINT WARNING * * *
Okay, then.
Okay, then.
You feel yourself speed up. The river rat barely misses you.
You barely miss the river rat.
The river rat is moderately wounded.
The river rat bites you.
* * * LOW HITPOINT WARNING * * *
You barely miss the river rat.
The river rat is moderately wounded.
The river rat bites you.
* * * LOW HITPOINT WARNING * * *
You hit the river rat.
The river rat is heavily wounded.
You hit the river rat.
The river rat is severely wounded.
The river rat bites you!
You die...

# # #.# ########
#.# .......# #.#
######.# #.#
#......# #.#
#..#...#### #.#
†.# #...$/# #.#
..###..##.# #@#
#..#..###.# #r#
#.....##..######J#
........rr..J††..#
........##..######
..._...####.#
........# r.#
..........r.#
#.....##..###


You could see a jelly and a river rat.

Vanquished Creatures
  A howler monkey (D:5)
  An adder (D:5)
  A river rat (D:5)
  A rat (D:5)
4 creatures vanquished.

Notes
Turn   | Place    | Note
-------+----------+-------------------------------------------
     0 | D:5      | cforsyth the Djinni Delver began the quest for the Orb.
     0 | D:5      | Reached XP level 1. HP: 20/20 MP: 0/0
     4 | D:5      | Found a sacrificial altar of Ru.
    13 | D:5      | Noticed a howler monkey
    26 | D:5      | Killed a howler monkey
    27 | D:5      | Reached skill level 1 in Spellcasting
    27 | D:5      | Reached skill level 1 in Conjurations
    27 | D:5      | Reached skill level 1 in Hexes
    27 | D:5      | Reached skill level 1 in Summonings
    27 | D:5      | Reached skill level 1 in Necromancy
    27 | D:5      | Reached skill level 1 in Translocations
    27 | D:5      | Reached skill level 1 in Transmutations
    27 | D:5      | Reached skill level 1 in Fire Magic
    27 | D:5      | Reached skill level 1 in Ice Magic
    27 | D:5      | Reached skill level 1 in Air Magic
    27 | D:5      | Reached skill level 1 in Earth Magic
    27 | D:5      | Reached skill level 1 in Poison Magic
    27 | D:5      | Reached XP level 2. HP: 15/26 MP: 0/0
    27 | D:5      | Reached XP level 3. HP: 18/31 MP: 0/0
    27 | D:5      | Learned a level 1 spell: Shock
    42 | D:5      | Found a shadowy altar of Dithmenos.
    90 | D:5      | Reached XP level 4. HP: 11/37 MP: 0/0
   107 | D:5      | Mangled by a river rat

Illustrated notes

Levels and vault maps discovered:
D:5:      layout_loops_ring, nicolae_ru_awakened_eye,
          nicolae_dithmenos_shadow_blocks, grunt_temple_overflow_diamond,
          portal_sewer_entry_b

Skill      XL: |  1 |
---------------+----+-----
Spellcasting   | 1 |  1.6
Conjurations   | 1 |  1.6
Hexes          | 1 |  1.6
Summonings     | 1 |  1.6
Necromancy     | 1 |  1.6
Translocations | 1 |  1.6
Transmutations | 1 |  1.6
Fire Magic     | 1 |  1.6
Ice Magic      | 1 |  1.6
Air Magic      | 1 |  1.6
Earth Magic    | 1 |  1.6
Poison Magic   | 1 |  1.6
Fighting       | |  3.9
Long Blades    | |  1.7
Dodging        | |  2.1
Stealth        | |  4.1

Action                     |  1- 3 |  4- 6 || total
---------------------------+-------+-------++-------
  Melee: Falchion          |    32 |     8 ||    40
    Use: Scroll            |       |     2 ||     2
         Potion            |       |     1 ||     1
 Armour: Leather armour    |    23 |     5 ||    28
  Dodge: Dodged            |    20 |     3 ||    23

Table legend: (Time is in decaauts)
 A = Elapsed time spent in this place.
 B = Non-inter-level travel time spent in this place.
 C = Inter-level travel time spent in this place.
 D = Time resting spent in this place.
 E = Time spent auto-exploring this place.
 F = Levels seen in this place.
 G = Mean time per level.
                   A        B        C        D        E       F      G
               +--------+--------+--------+--------+--------+-----+--------+
         Total |    113 |    113 |      0 |      0 |      0 |   1 |  113.0 |
       Dungeon |    113 |    113 |      0 |      0 |      0 |   1 |  113.0 |
               +--------+--------+--------+--------+--------+-----+--------+

Top non-repeatable levels by time:
     D:5: 113 daAuts
